 Dungeon Crawl Stone Soup version 0.23-a0-171-g5ae17c6 (webtiles) character file.

13710 Amnesiac the Destroyer (level 11, -2/68 HPs)
             Began as a Mummy Ice Elementalist on Sept 15, 2018.
             Was an Elder of Vehumet.
             Slain by an orc warrior
             ... wielding a +0 mace
              (12 damage)
             ... on level 1 of the Orcish Mines.
             The game lasted 00:41:01 (13320 turns).

Amnesiac the Destroyer (Mummy Ice Elementalist)    Turns: 13320, Time: 00:41:02

Health: -2/68      AC: 14    Str: 13    XL:     11   Next: 79%
Magic:  15/33      EV: 11    Int: 17    God:    Vehumet [****..]
Gold:   749        SH:  5    Dex: 12    Spells: 13/29 levels left

rFire    x x .     SeeInvis .   a - +0 scimitar (protect)
rCold    + + .     Gourm    .   q - +0 buckler
rNeg     + + +     Faith    .   z - +4 ring mail
rPois    ∞         Spirit   .   t - +0 helmet
rElec    .         Reflect  .   o - +1 cloak
rCorr    .         Harm     +   r - +0 pair of gloves
MR       +....                  (no boots)
Stlth    +.........             d - amulet of harm
HPRegen  0.21/turn              w - ring of ice
MPRegen  0.23/turn              k - ring of magical power

@: studying Armour
A: no food or potions, fire vulnerability, cold resistance 1, negative energy
resistance 3, torment resistance, unbreathing
a: Renounce Religion


You were on level 1 of the Orcish Mines.
You worshipped Vehumet.
Vehumet was greatly pleased with you.
You were not hungry.

You visited 3 branches of the dungeon, and saw 12 of its levels.
You also visited: Bailey.

You collected 749 gold pieces.

Inventory:

Hand Weapons
 a - a +0 scimitar of protection (weapon)
 b - a +0 short sword of freezing
Armour
 o - a +1 cloak (worn)
 q - a +0 buckler (worn)
 r - a +0 pair of gloves (worn)
 t - a +0 helmet (worn)
 z - a +4 ring mail (worn)
Jewellery
 d - an amulet of harm (around neck)
 e - an uncursed ring of protection from fire
 f - an uncursed ring of protection from fire
 k - a ring of magical power (right hand)
 w - a ring of ice (left hand)
 y - an uncursed ring of teleportation
Wands
 g - a wand of clouds (2)
 j - a wand of random effects (15)
 s - a wand of flame (20)
Scrolls
 c - 5 scrolls of remove curse {!r}
 i - 3 scrolls of teleportation {!r}
 l - 11 scrolls of identify {!r}
 m - 2 scrolls of fog {!r}
 n - a scroll of enchant weapon {!r}
 p - 3 scrolls of amnesia {!r}
 u - a scroll of enchant armour {!r}
 v - 2 scrolls of magic mapping {!r}
 x - a scroll of vulnerability {!r}
 A - a scroll of brand weapon {!r, unknown}
Books
 h - a manual of Armour


   Skills:
 - Level 3.2 Armour
 - Level 2.5 Dodging
 - Level 1.5 Stealth
 - Level 4.3 Shields
 - Level 9.6 Spellcasting
 - Level 9.7 Conjurations
 * Level 9.2 Ice Magic
 - Level 4.0 Evocations


You had 13 spell levels left.
You knew the following spells:

 Your Spells              Type           Power        Failure   Level  Hunger
a - Throw Icicle          Conj/Ice       ######..     1%          4    N/A
b - Throw Frost           Conj/Ice       ######       1%          2    N/A
c - Summon Ice Beast      Ice/Summ       #####...     26%         4    N/A
d - Freeze                Ice            ####         1%          1    N/A
e - Flame Tongue          Conj/Fire      ###..        1%          1    N/A
f - Confusing Touch       Hex            #.....       19%         1    N/A
z - Ozocubu's Armour      Chrm/Ice       #####...     9%          3    N/A

Your spell library contained the following spells:

 Spells                   Type           Power        Failure   Level  Hunger
 Force Lance              Conj/Tloc      ###.....     7%          4    N/A
 Conjure Flame            Conj/Fire      ###.....     2%          3    N/A
 Mephitic Cloud           Conj/Pois/Air  ###.....     4%          3    N/A
 Inner Flame              Hex/Fire       #.......     14%         3    N/A
 Animate Skeleton         Necr           N/A          19%         1    N/A
 Apportation              Tloc           #.....       19%         1    N/A
 Corona                   Hex            #......      19%         1    N/A
 Summon Small Mammal      Summ           #...         19%         1    N/A
 Poisonous Vapours        Pois/Air       #.....       26%         2    N/A
 Slow                     Hex            #.......     26%         2    N/A
 Sticks to Snakes         Tmut           #.......     26%         2    N/A
 Freezing Cloud           Conj/Ice/Air   #####.....   45%         6    N/A
 Portal Projectile        Hex/Tloc       #.....       47%         3    N/A
 Cause Fear               Hex            #.........   87%         4    N/A
 Leda's Liquefaction      Hex/Erth       #.........   87%         4    N/A
 Ring of Flames           Chrm/Fire      #.........   100%        7    N/A
 Beastly Appendage        Tmut           Unusable     N/A         1    N/A
 Ice Form                 Ice/Tmut       Unusable     N/A         4    N/A
 Spider Form              Tmut/Pois      Unusable     N/A         3    N/A
 Blade Hands              Tmut           Unusable     N/A         5    N/A

Dungeon Overview and Level Annotations

Branches:
Dungeon (10/15)            Temple (1/1) D:5            Lair (0/6) D:8
    Orc (1/2) D:9

Altars:
Ashenzari
Cheibriados
Dithmenos
Elyvilon
Fedhas
Gozag
Hepliaklqana
Kikubaaqudgha
Makhleb
Nemelex Xobeh
Okawaru
Qazlal
Ru
Sif Muna
Trog
Uskayaw
Vehumet
Wu Jian
Xom
Yredelemnul
Zin
The Shining One

Annotations:
D:9 exclusion: downstairs


Innate Abilities, Weirdness & Mutations

You do not eat or drink.
Your flesh is vulnerable to fire.
You are immune to poison.
Your flesh is cold resistant. (rC+)
You are immune to negative energy. (rN+++)
You are immune to unholy pain and torment.
You can survive without breathing.


Message History

You feel a surge of power!
The shard of ice hits the troll.
You kill the troll!
Vehumet accepts your kill.
You feel your power returning.
The troll leather armour is intact enough to wear.
An orc comes into view.
Casting: Throw Icicle (safe; 1% risk of failure)
Confirm with . or Enter, or press ? or * to list all spells.
Aiming: Throw Icicle (safe; 1% risk of failure)
Press: ? - help, Shift-Dir - straight line, f - ettin
Aim: an ettin, wielding two dire flails You feel a surge of power!
The shard of ice hits the ettin.
The ettin is moderately wounded.
The orc shouts!
You hear a shout!
Casting: Throw Icicle (safe; 1% risk of failure)
Confirm with . or Enter, or press ? or * to list all spells.
Aiming: Throw Icicle (safe; 1% risk of failure)
Press: ? - help, Shift-Dir - straight line, f/p - ettin
Aim: an ettin, wielding two dire flails (moderately wounded)
You feel a surge of power!
The shard of ice hits the ettin.
The ettin is heavily wounded.
The ettin hits you with a dire flail!!
Ouch! That really hurt!
* * * LOW HITPOINT WARNING * * *
The ettin closely misses you.
Casting: Throw Icicle (safe; 1% risk of failure)
Confirm with . or Enter, or press ? or * to list all spells.
Aiming: Throw Icicle (safe; 1% risk of failure)
Press: ? - help, Shift-Dir - straight line, f/p - ettin
Aim: an ettin, wielding two dire flails (heavily wounded)
You feel a surge of power!
The shard of ice hits the ettin.
The ettin is heavily wounded.
The ettin closely misses you. The ettin hits you with a dire flail.
* * * LOW HITPOINT WARNING * * *
Casting: Throw Icicle (safe; 1% risk of failure)
Confirm with . or Enter, or press ? or * to list all spells.
Aiming: Throw Icicle (safe; 1% risk of failure)
Press: ? - help, Shift-Dir - straight line, f/p - ettin
Aim: an ettin, wielding two dire flails (heavily wounded)
You feel a surge of power!
The shard of ice hits the ettin.
You kill the ettin!
Vehumet accepts your kill.
You feel your power returning.
Training target 2.5 for Armour reached!
Your Armour skill increases to level 3!
Your Ice Magic skill increases to level 9!
Casting: Throw Icicle (safe; 1% risk of failure)
Confirm with . or Enter, or press ? or * to list all spells.
Aiming: Throw Icicle (safe; 1% risk of failure)
Press: ? - help, Shift-Dir - straight line, f - orc warrior
Aim: an orc warrior, wielding a mace and wearing a plate armour You feel a surge of power!
The shard of ice hits the orc warrior.
The orc warrior is moderately wounded.
The orc warrior hits you with a mace!
* * * LOW HITPOINT WARNING * * *
An orc comes into view. It is wielding a hand axe.
Casting: Throw Icicle (safe; 1% risk of failure)
Confirm with . or Enter, or press ? or * to list all spells.
Aiming: Throw Icicle (safe; 1% risk of failure)
Press: ? - help, Shift-Dir - straight line, f/p - orc warrior
Aim: an orc warrior, wielding a mace and wearing a plate armour (moderately You feel a surge of power!
The shard of ice hits the orc warrior.
The orc warrior is severely wounded.
The orc warrior hits you with a mace!
You die...

##...##..... ##
#.....#..#.##.#
...#.#....[....
..............#
..............#
...........[.#
#.........###
#..>@......#
#..)o$.[....
#...o.......
#.......##...
#......... #.
##.......##
###.##... ..
#o#.


You could see an orc warrior and 2 orcs.

Vanquished Creatures
  An ettin (Orc:1)
  3 two-headed ogres
  Pikel (D:4)
  The ghost of derval the Insei, a novice GnTm of Cheibriados (D:5)
  Joseph (D:9)
  3 trolls
  Prince Ribbit (D:6)
  2 hippogriffs
  Sigmund (D:2)
  A spriggan (D:10)
  6 yaks
  A steam dragon (D:6)
  A hungry ghost (D:9)
  Menkaure (D:4)
  Edmund (D:6)
  A warg (D:9)
  2 water moccasins
  An ice beast (D:9)
  16 orc warriors
  A sky beast (D:8)
  4 slaves (D:4)
  5 phantoms
  10 centaurs
  5 ogres
  A crocodile (D:5)
  Blork the orc (D:4)
  A big kobold (D:10)
  8 bullfrogs
  4 scorpions
  6 wights (D:10)
  13 killer bees
  A howler monkey (D:10)
  2 crimson imps
  A quasit (D:10)
  A centaur zombie (D:5)
  4 jellies
  Crazy Yiuf (D:6)
  5 hounds
  4 orc priests
  7 orc wizards
  A bullfrog zombie (D:10)
  5 bullfrog skeletons
  5 iguanas
  6 worker ants
  A hound zombie (D:5)
  2 worker ant zombies
  8 gnolls
  A howler monkey skeleton (D:7)
  15 adders
  A shadow imp (D:8)
  An ooze (D:3)
  An adder skeleton (D:4)
  A worm (D:4)
  A dart slug (D:1)
  4 leopard geckos
  66 orcs
  3 ball pythons
  12 bats
  7 giant cockroaches
  7 goblins
  3 hobgoblins (D:1)
  14 jackals
  7 quokkas
  5 frilled lizards
  11 kobolds
  A quokka zombie (D:8)
  9 rats
328 creatures vanquished.

Notes
Turn   | Place    | Note
-------+----------+-------------------------------------------
     0 | D:1      | Amnesiac the Mummy Ice Elementalist began the quest for the
                  | Orb.
     0 | D:1      | Reached XP level 1. HP: 13/13 MP: 4/4
    17 | D:1      | Found a sparkling altar of Nemelex Xobeh.
   157 | D:1      | Reached XP level 2. HP: 19/19 MP: 1/5
   275 | D:1      | Learned a level 2 spell: Throw Frost
   450 | D:2      | Reached XP level 3. HP: 24/24 MP: 5/7
   524 | D:2      | Noticed Sigmund
   545 | D:2      | Killed Sigmund
   545 | D:2      | Reached XP level 4. HP: 18/30 MP: 0/10
   545 | D:2      | Reached XP level 5. HP: 21/35 MP: 0/11
   550 | D:2      | Learned a level 3 spell: Ozocubu's Armour
   555 | D:2      | Learned a level 4 spell: Throw Icicle
   759 | D:4      | Noticed Blork the orc
   768 | D:4      | Killed Blork the orc
   768 | D:4      | Reached XP level 6. HP: 41/41 MP: 2/13
  1132 | D:4      | Noticed a slave
  1159 | D:4      | Killed a slave
  1247 | D:5      | Entered Level 5 of the Dungeon
  1267 | D:5      | Reached skill level 5 in Ice Magic
  1287 | D:5      | Found a staircase to the Ecumenical Temple.
  1296 | Temple   | Entered the Ecumenical Temple
  1394 | Temple   | Became a worshipper of Vehumet
  1473 | D:5      | Reached skill level 5 in Spellcasting
  2183 | D:2      | Learned a level 4 spell: Summon Ice Beast
  2848 | D:3      | Reached * piety under Vehumet
  2848 | D:3      | Offered knowledge of Flame Tongue by Vehumet.
  2851 | D:3      | Learned a level 1 spell: Flame Tongue
  3156 | D:3      | Found a faded altar of an unknown god.
  3480 | D:4      | Reached skill level 1 in Shields
  3480 | D:4      | Reached XP level 7. HP: 39/46 MP: 5/15
  3596 | D:4      | Noticed Menkaure
  3598 | D:4      | Killed Menkaure
  3615 | D:4      | Noticed Pikel
  3625 | D:4      | Killed Pikel
  3625 | D:4      | Reached XP level 8. HP: 52/52 MP: 15/17
  4125 | D:5      | Noticed derval's ghost (novice GnTm)
  4323 | D:5      | Reached skill level 1 in Conjurations
  4349 | D:5      | Found a transporter.
  4493 | D:5      | Found a bloodstained altar of Trog.
  4654 | D:5      | Offered knowledge of Magic Dart by Vehumet.
  4695 | D:5      | Reached ** piety under Vehumet
  5398 | D:5      | Found a transporter.
  5506 | D:5      | Found a blossoming altar of Fedhas.
  5629 | D:5      | Reached XP level 9. HP: 53/57 MP: 19/19
  5688 | D:5      | Killed derval's ghost
  5774 | D:6      | Found a shattered altar of Ashenzari.
  5794 | D:6      | Noticed Prince Ribbit
  5814 | D:6      | Killed Prince Ribbit
  5814 | D:6      | Reached skill level 5 in Conjurations
  6349 | D:6      | Noticed Edmund
  6392 | D:6      | Killed Edmund
  6659 | D:6      | Found a runed door.
  6886 | D:6      | Noticed Crazy Yiuf
  6888 | D:6      | Killed Crazy Yiuf
  7275 | D:7      | Found a shattered altar of Ashenzari.
  7314 | D:7      | Found a glowing golden altar of the Shining One.
  7862 | D:8      | Noticed a two-headed ogre
  7865 | D:8      | Killed a two-headed ogre
  7865 | D:8      | Reached skill level 1 in Evocations
  7865 | D:8      | Reached XP level 10. HP: 50/63 MP: 19/21
  7870 | D:8      | Found a staircase to the Lair.
  7892 | D:8      | Offered knowledge of Throw Flame by Vehumet.
  7932 | D:8      | Noticed a two-headed ogre
  7966 | D:8      | Killed a two-headed ogre
  8111 | D:8      | Reached *** piety under Vehumet
  8123 | D:8      | Found a flagged portal.
  8136 | Bailey   | Identified a paperback manual
  8136 | Bailey   | Entered a bailey
  8154 | Bailey   | HP: 2/63 [centaur/javelin of returning (7)]
  8572 | Bailey   | Offered knowledge of Fulminant Prism by Vehumet.
  9082 | Bailey   | Reached **** piety under Vehumet
  9473 | Bailey   | Got a fine bardiche
  9544 | Bailey   | Identified the +5 bardiche "Buczed" {freeze, rPois rF+ rC-
                  | Dex+4} (You found it in a bailey)
  9739 | D:8      | Offered knowledge of Iskenderun's Mystic Blast by Vehumet.
 10015 | D:8      | Reached XP level 11. HP: 68/68 MP: 21/23
 10106 | D:9      | Noticed a two-headed ogre
 10115 | D:9      | Killed a two-headed ogre
 10515 | D:9      | Found a staircase to the Orcish Mines.
 10627 | D:9      | Found a shimmering altar of Xom.
 11356 | D:9      | Noticed Joseph
 11360 | D:9      | Killed Joseph
 11580 | Orc:1    | Entered Level 1 of the Orcish Mines
 11580 | Orc:1    | Noticed an ettin
 11583 | Orc:1    | Reached ***** piety under Vehumet
 11760 | D:9      | Learned a level 1 spell: Confusing Touch
 11860 | D:10     | Entered Level 10 of the Dungeon
 11967 | D:10     | Offered knowledge of Force Lance by Vehumet.
 12411 | D:10     | Reached skill level 1 in Armour
 13318 | Orc:1    | Killed an ettin
 13320 | Orc:1    | Slain by an orc warrior

Vault maps used:
D:1:      matt_arrival_spirals, nemelex_xobeh_ov_fountains_minmay
D:2:      uniq_sigmund
D:3:      first_ration, chequers_ecumenical_altar_twisty, serial_bayou_ford_a,
          kennysheep_generic_room_7
D:4:      st_stairs_14, uniq_pikel, uniq_menkaure, uniq_blork_the_orc
D:5:      marbit_many_paths, bloody_trog, minmay_temple_entry_crystal_x,
          gammafunk_ghost_arena, serial_bayou_pond_a
D:6:      evilmike_ruin_ashenzari, uniq_crazy_yiuf_cottage, uniq_prince_ribbit1,
          uniq_edmund
D:7:      lemuel_round_altar, kennysheep_mini, minmay_misc_feat_doors,
          minivault_5
D:8:      lair_entry_dummy, enter_bailey_1
D:9:      nicolae_overflow_hidden_temple, orc_0_dummy, uniq_joseph
D:10:     grunt_pizzeria
Temple:   minmay_temple_bridge_d
Orc:1:    uniq_erolcha
Bailey:   bailey_polearm_flooded_kennysheep, bailey

Skill      XL: |  1  2  3  4  5  6  7  8  9 10 11 |
---------------+----------------------------------+-----
Ice Magic      | 3 4 5 6 7 8 9 |  9.2
Dodging        | 2 |  2.5
Spellcasting   | 3 4 5 6 7 8 9 |  9.6
Shields        | 1 2 3 4 |  4.3
Conjurations   | 3 7 8 9 |  9.7
Evocations     | 1 3 4 |  4.0
Armour         | 3 |  3.2
Stealth        | |  1.5

Action                   |  1- 3 |  4- 6 |  7- 9 | 10-12 || total
-------------------------+-------+-------+-------+-------++-------
Melee: Short sword       |    14 |    12 |       |       ||    26
       Long sword        |       |    41 |    50 |       ||    91
       Scimitar          |       |       |       |    12 ||    12
 Cast: Freeze            |    34 |    91 |    96 |    28 ||   249
       Ozocubu's Armour  |       |     5 |     7 |       ||    12
       Throw Icicle      |       |       |    68 |   244 ||   312
       Flame Tongue      |       |       |       |     1 ||     1
Evoke: Wand              |       |       |    17 |    19 ||    36
  Use: Scroll            |       |     3 |    10 |     5 ||    18
 Stab: Sleeping          |     2 |       |       |       ||     2
Armor: Robe              |    12 |    22 |    46 |       ||    80
       Ring mail         |       |       |       |    32 ||    32
Dodge: Dodged            |    25 |   111 |    84 |    63 ||   283
Block: Buckler           |       |       |    29 |    13 ||    42
       Rpst.: Long sword |       |    37 |    23 |     2 ||    62
       Scimitar          |       |       |       |    13 ||    13

Table legend:
 A = Non-vault XP
 B = Vault XP
 C = Vault XP percentage of total XP
 D = Non-vault monster count
 E = Vault monster count
 F = Vault count percentage of total count
                 A         B        C        D         E       F
            +---------+---------+-------+---------+---------+-------
      Total |   14420 |    5166 |  26.4 |     272 |      52 |  16.0
            +---------+---------+-------+---------+---------+-------
        D:1 |      52 |       0 |   0.0 |      32 |       0 |   0.0
        D:2 |      70 |     231 |  76.7 |      14 |       1 |   6.7
        D:3 |      91 |       0 |   0.0 |      29 |       0 |   0.0
        D:4 |     264 |     904 |  77.4 |      13 |       4 |  23.5
        D:5 |    1152 |     614 |  34.8 |      38 |       2 |   5.0
        D:6 |     807 |     474 |  37.0 |       9 |       3 |  25.0
        D:7 |     432 |       0 |   0.0 |       9 |       0 |   0.0
        D:8 |    3836 |       0 |   0.0 |      40 |       0 |   0.0
        D:9 |    4425 |     460 |   9.4 |      45 |       1 |   2.2
       D:10 |    1701 |     205 |  10.8 |      39 |       1 |   2.5
     Temple |       0 |       2 | 100.0 |       0 |       1 | 100.0
      Orc:1 |    1590 |       0 |   0.0 |       4 |       0 |   0.0
     Bailey |       0 |    2276 | 100.0 |       0 |      39 | 100.0
            +---------+---------+-------+---------+---------+-------
